 Dungeon Crawl Stone Soup version 0.13.0-25-g43d4df3 (webtiles) character file.

917 Bloax the Ruffian (level 7, 0/59 HPs)
             Began as a Minotaur Monk on Oct 27, 2013.
             Was a Believer of Cheibriados.
             Slain by a manticore (14 damage)
             ... on Level 7 of the Dungeon.
             The game lasted 00:10:40 (1451 turns).

Bloax the Ruffian (Minotaur Monk)                   Turns: 1451, Time: 00:10:40

HP   0/59        AC  0     Str 22      XL: 7   Next: 57%
MP   3/3         EV 18     Int 12      God: Cheibriados [**....]
Gold 125         SH  0     Dex 18      Spells:  0 memorised,  6 levels left

Res.Fire  : + . .   See Invis. : .     - Unarmed
Res.Cold  : + . .   Warding    : .   j - melded +2 dwarf scale mail {rC+}
Life Prot.: . . .   Conserve   : .   (shield currently unavailable)
Res.Poison: +       Res.Corr.  : .   (helmet currently unavailable)
Res.Elec. : +       Clarity    : .   (cloak currently unavailable)
Sust.Abil.: . .     Spirit.Shd : .   (gloves currently unavailable)
Res.Mut.  : .       Stasis     : .   h - melded +0 pair of boots
Res.Rott. : .       Flight     : .   (no amulet)
Saprovore : . . .                    (ring currently unavailable)
                                     n - melded ring of protection from magic

@: pig-form (expiring), very slow, slightly resistant to hostile enchantments,
fairly stealthy
A: (retaliatory headbutt), (horns 0)
a: Bend Time, Renounce Religion


You were on level 7 of the Dungeon.
You worshipped Cheibriados.
Cheibriados was pleased with you.
You were not hungry.
You were a filthy swine.
You visited 2 branches of the dungeon, and saw 8 of its levels.

You collected 125 gold pieces.


Innate Abilities, Weirdness & Mutations

((You reflexively headbutt those who attack you in melee.))*
((You have a pair of horns on your head.))*


   Skills:
 + Level 6.5 Fighting
 + Level 3.4 Armour
 - Level 5.0 Dodging
 - Level 1.5 Stealth
 * Level 7.1 Unarmed Combat
 + Level 1.6 Invocations


You had 6 spell levels left.
You didn't know any spells.

Dungeon Overview and Level Annotations

Branches:
Dungeon (7/27)             Temple (1/1) D:6
    Orc: D:6-11

Altars:
Ashenzari
Cheibriados
Elyvilon
Fedhas
Kikubaaqudgha
Makhleb
Nemelex Xobeh
Okawaru
Sif Muna
Trog
Vehumet
Xom
Yredelemnul
Zin
the Shining One

Inventory:

Hand weapons
 l - a +0 blowgun
   (You took it off a kobold on level 3 of the Dungeon)
Missiles
 m - 18 poisoned needles
Armour
 h - a +0 pair of boots (melded)
   (You found it on level 5 of the Dungeon)
 j - a +2 dwarven scale mail of cold resistance (melded)
   (You found it on level 5 of the Dungeon)
Magical devices
 g - a wand of polymorph (0)
   (You found it on level 6 of the Dungeon)
 q - a wand of confusion (8)
   (You found it on level 5 of the Dungeon)
Comestibles
 b - a pear
Scrolls
 d - 2 scrolls of identify
 i - a scroll of amnesia {unknown}
 r - 3 scrolls of noise {unknown}
Jewellery
 n - a ring of protection from magic (melded)
   (You found it on level 3 of the Dungeon)
Potions
 e - 3 potions of curing
 f - a potion of magic {unknown}
 k - a potion of restore abilities {unknown}
 o - a potion of berserk rage {unknown}

....# #..# #....
....# #..#+##....#
....######..........#
.........[....H.....#
#..........H####....#
#..######...#..#....#
#..# #...#..#....####
#..#
#...#..H.........
#..#
#...'..#h.......#
#..#
#...####........#
#..# #.... .........
#..# #...######.....[
...######...# ......
............# .....
............# ...
######......# ## .. .


You could see a manticore.


Message History

Unknown command.
There is an open door here.
Unknown command.
Unknown command.
You close the door.
Drink which item? (? for menu, Esc to quit)
You feel protected.
It was a potion of resistance.
Drink which item? (? for menu, Esc to quit)
You feel much better.
It was a potion of heal wounds.
Evoke which item? (* to show all) (? for menu, Esc to quit)
Zapping:
g - a wand of polymorph {zapped: 8} Really target yourself?
You have been turned into a pig!
You catch a bit of a chill.
Unknown command.
Use which ability? (? or * to list)
Okay, then.
Something unseen opens the door.
You open the door.
The manticore flicks its tail!
The volley of spikes misses you.
There is an open door here.
Found an orcish robe.
Unknown command.
You close the door.
Something unseen opens the door.
You close the door.
Something unseen opens the door.
You close the door.
There's nothing to close nearby.
There's nothing to close nearby.
Something unseen opens the door.
There's a creature in the doorway!
There's a creature in the doorway!
You bite the manticore!
The manticore is lightly wounded.
The manticore completely misses you. The manticore claws you.
* * * LOW HITPOINT WARNING * * *
The manticore completely misses you.
You hit the manticore.
The manticore is moderately wounded.
Your transformation is almost over.
You bite the manticore!
The manticore is heavily wounded.
The manticore bites you.
* * * LOW HITPOINT WARNING * * *
The manticore claws you.
* * * LOW HITPOINT WARNING * * *
The manticore barely misses you.
Unknown command.
You hit the manticore but do no damage. You punch the manticore.
The manticore is severely wounded.
Unknown command.
You hit the manticore.
The manticore is severely wounded.
The manticore barely misses you. The manticore claws you.
* * * LOW HITPOINT WARNING * * *
The manticore claws you!
* * * LOW HITPOINT WARNING * * *
Unknown command.
You hit the manticore but do no damage.
The manticore is severely wounded.
The manticore completely misses you. The manticore closely misses you.
The manticore misses you.
Unknown command.
You completely miss the manticore.
The manticore is severely wounded.
Unknown command.
You hit the manticore.
The manticore is almost dead.
The manticore bites you!
You die...

Action                   |  1- 3 |  4- 6 |  7- 9 || total
-------------------------+-------+-------+-------++-------
Melee: Unarmed           |    78 |   126 |    34 ||   238
Evoke: Wand              |       |     6 |     5 ||    11
  Use: Potion            |     1 |     1 |     2 ||     4
       Scroll            |       |     6 |       ||     6
 Stab: Invisible         |       |    10 |       ||    10
       Sleeping          |       |       |     1 ||     1

Vault maps used:
D:1:      lemuel_entry_tunnels
D:3:      uniq_iyjb
D:4:      first_bread, minmay_misc_feat_doors, grunt_decor_arrowhead
D:5:      old_forge, basic_altar
D:6:      minmay_temple_entry_junction, uniq_pikel
Temple:   kilobyte_greek_temple_15

Notes
Turn   | Place    | Note
--------------------------------------------------------------
     0 | D:1      | Bloax, the Minotaur Monk, began the quest for the Orb.
     0 | D:1      | Reached XP level 1. HP: 17/17 MP: 0/0
    72 | D:2      | Reached XP level 2. HP: 18/24 MP: 0/0
   115 | D:2      | Reached skill level 4 in Fighting
   185 | D:2      | You fall through a shaft!
   243 | D:3      | Reached XP level 3. HP: 15/30 MP: 1/1
   370 | D:3      | Reached skill level 4 in Dodging
   370 | D:3      | Reached XP level 4. HP: 29/38 MP: 1/1
   473 | D:4      | Noticed an orc warrior
   482 | D:4      | Reached skill level 5 in Unarmed Combat
   495 | D:5      | Entered Level 5 of the Dungeon
   504 | D:5      | Reached skill level 5 in Fighting
   534 | D:5      | Noticed a sky beast
   553 | D:5      | Killed a sky beast
   553 | D:5      | Reached skill level 5 in Dodging
   553 | D:5      | Reached XP level 5. HP: 15/45 MP: 1/1
   604 | D:5      | Found a white marble altar of Elyvilon.
   728 | D:5      | Reached skill level 1 in Armour
   728 | D:5      | Reached XP level 6. HP: 28/52 MP: 2/2
   996 | D:5      | Reached skill level 6 in Unarmed Combat
  1014 | D:5      | Reached skill level 2 in Armour
  1113 | D:6      | Found a staircase to the Ecumenical Temple.
  1122 | Temple   | Entered the Ecumenical Temple
  1160 | Temple   | Became a worshipper of Cheibriados the Contemplative
  1160 | Temple   | Acquired Cheibriados' first power
  1225 | D:6      | Reached skill level 6 in Fighting
  1267 | D:6      | Reached XP level 7. HP: 49/59 MP: 2/2
  1381 | D:7      | Reached skill level 3 in Armour
  1381 | D:7      | Reached skill level 1 in Invocations
  1388 | D:7      | Reached skill level 7 in Unarmed Combat
  1426 | D:7      | HP: 12/59 [manticore/volley of spikes (11)]
  1448 | D:7      | HP: 14/59 [manticore (7)]
  1451 | D:7      | Slain by a manticore

Vanquished Creatures
  A necrophage (D:7)
  A sky beast (D:5)
  A phantom (D:7)
  A giant frog (D:6)
  4 crimson imps
  A goliath beetle (D:7)
  A hound (D:5)
  2 scorpions (D:5)
  3 worker ants
  A hound skeleton (D:7)
  4 gnolls (D:6)
  2 adders
  2 worms
  2 giant geckos
  6 orcs
  7 bats
  3 hobgoblins
  3 kobolds
  3 quokkas
  2 giant cockroaches (D:3)
  A giant newt (D:4)
  7 goblins
  A hobgoblin skeleton (D:5)
  6 jackals
  An orc zombie (D:7)
  4 rats
70 creatures vanquished.
